 Dungeon Crawl Stone Soup version 0.29.0-15-g675c0067aa (webtiles) character file.

Game seed: 17807248363923793277

54 Tsarbomb the Slasher (level 3, 0/31 HPs)
             Began as a Hill Orc Fighter on Sept 11, 2022.
             Was a Follower of Wu Jian.
             Slain by an adder (2 damage)
             ... on level 3 of the Dungeon.
             The game lasted 00:05:41 (2112 turns).

Tsarbomb the Slasher (Hill Orc Fighter)             Turns: 2112, Time: 00:05:42

Health: 0/31       AC:  9    Str: 20    XL:     3   Next: 91%
Magic:  3/3        EV:  7    Int:  8    God:    Wu Jian [*.....]
Gold:   77         SH:  0    Dex: 10    Spells: 2/2 levels left

rFire   . . .      SeeInvis .   f - +3 great sword
rCold   . . .      Faith    +   (shield currently unavailable)
rNeg    . . .      Spirit   .   k - +0 chain mail
rPois   .          Reflect  .   (no helmet)
rElec   .          Harm     .   (no cloak)
rCorr   .          Rampage  .   (no gloves)
Will    .....                   (no boots)
Stlth   ..........              l - amulet of faith
HPRegen 0.10/turn               (no ring)
MPRegen 0.08/turn               (no ring)

@: lethally poisoned (0 -> -6)
A: no striking features
a: Renounce Religion


You were on level 3 of the Dungeon.
You worshipped Wu Jian.
Wu Jian was aware of your devotion.
You visited 1 branch of the dungeon, and saw 3 of its levels.

You collected 77 gold pieces.

Inventory:

Hand Weapons
 a - a +0 war axe
 f - a +3 great sword (weapon)
Armour
 b - a +0 scale mail
 c - a +0 buckler
 k - a +0 chain mail (worn)
Jewellery
 l - an amulet of faith (around neck)
 m - a ring of protection from fire
 n - an amulet of guardian spirit
Scrolls
 e - 3 scrolls of blinking {unknown}
 g - a scroll of immolation {unknown}
 h - 6 scrolls of identify {unknown}
 i - a scroll of poison {unknown}
 j - a scroll of acquirement {unknown}
 o - a scroll of torment {unknown}
Potions
 d - a potion of might
 p - a potion of brilliance {unknown}
 q - a potion of degeneration {unknown}
 r - a potion of heal wounds {unknown}


   Skills:
 - Level 3.6 Fighting
 + Level 3.7 Long Blades
 - Level 2.6 Axes
 - Level 3.2 Armour
 - Level 3.2 Shields


You had 2 spell levels left.
You didn't know any spells.
Your spell library contained the following spells:

 Spells                   Type           Power      Damage    Failure   Level
 Foxfire                  Conj/Fire      0%         2x1d4     99%         1
 Conjure Flame            Conj/Fire      0%         6-21      100%        3
 Frozen Ramparts          Ice            0%         1d1       100%        3
 Inner Flame              Hex/Fire       0%         N/A       100%        3
 Flame Wave               Conj/Fire      0%         2d4       100%        4
 Ice Form                 Ice/Tmut       0%         N/A       100%        4
 Summon Ice Beast         Ice/Summ       0%         N/A       100%        4


Dungeon Overview and Level Annotations

Branches:
Dungeon (3/15)

Altars:
Wu Jian


Message History

You hit the quokka.
The quokka is almost dead.
You feel sick. The hound closely misses you.
The adder bites you but does no damage. The quokka bites you.
The hound bites you but does no damage. The adder bites you but does no damage.
The quokka barely misses you.
You hit the quokka.
You kill the quokka!
The Council accepts your kill.
You feel sick.
You are no longer poisoned.
The hound closely misses you. The adder bites you but does no damage.
The hound bites you. The adder closely misses you. The hound barely misses you.
You slash the adder!
The adder is severely wounded.
The adder closely misses you. The hound closely misses you.
The adder bites you but does no damage. The hound bites you but does no damage.
You miss the adder.
The adder is severely wounded.
The adder bites you.
You are poisoned.
The adder poisons you! The hound bites you.
The hound bites you but does no damage. The adder bites you.
You are lethally poisoned!
The adder poisons you!
You closely miss the adder.
The adder is severely wounded.
* * * LOW HITPOINT WARNING * * *
You feel very sick. The hound bites you but does no damage.
The adder bites you but does no damage. The hound bites you but does no damage.
The adder closely misses you.
Unknown command.
You closely miss the adder.
The adder is severely wounded.
* * * LOW HITPOINT WARNING * * *
You feel very sick. The hound bites you.
* * * LOW HITPOINT WARNING * * *
The adder barely misses you. The hound barely misses you. The adder bites you.
You die...

#........#
#........#
#........#
#........###
#...........
#........##..
#...h.......#
#....@...#
#.....S....#
#..........#
#..........#
#............
#####..##..###
.... .## #....
##


You could see a hound and an adder.

Vanquished Creatures
  An adder (D:2)
  A worm (D:2)
  A dart slug (D:2)
  5 ball pythons
  3 bats
  3 endoplasms (D:2)
  A giant cockroach (D:1)
  A goblin (D:1)
  2 hobgoblins
  6 jackals
  2 quokkas
  A frilled lizard (D:2)
  5 kobolds
  5 rats
37 creatures vanquished.

Notes
Turn   | Place    | Note
-------+----------+-------------------------------------------
     0 | D:1      | Tsarbomb the Hill Orc Fighter began the quest for the Orb.
     0 | D:1      | Reached XP level 1. HP: 19/19 MP: 1/1
   179 | D:1      | Reached skill level 1 in Long Blades
   565 | D:1      | Found a faded altar of an unknown god.
   593 | D:1      | Prayed at the altar of an unknown god.
   593 | D:1      | Became a worshipper of the Wu Jian Council
   593 | D:1      | Reached * piety under Wu Jian
   611 | D:1      | Reached XP level 2. HP: 26/26 MP: 2/2
  1463 | D:2      | Reached XP level 3. HP: 31/31 MP: 3/3
  2112 | D:3      | Slain by an adder

Illustrated notes

Levels and vault maps discovered:
D:1:      minmay_arrival_widening_spiral_wide, layout_basic,
          ebering_ecumenical_altar_abandoned
D:2:      layout_loops_ring, kennysheep_generic_room_12
D:3:      layout_rooms, dreamdust_princess_bridge, uniq_robin, uniq_ijyb,
          uniq_grinder

Skill      XL: |  1  2 |
---------------+-------+-----
Long Blades    | 1 3 |  3.7
Fighting       | |  3.6
Axes           | |  2.6
Armour         | |  3.2
Shields        | |  3.2

Action                   || total
-------------------------++-------
Melee: Great sword       ||    90
Invok: Lunge             ||     6
       Whirlwind         ||     4
Armor: Scale mail        ||    53
       Chain mail        ||    40
Dodge: Dodged            ||    72
